 Dungeon Crawl Stone Soup version 0.27-a0-1513-g2aaa0cc67b (webtiles) character file.

Game seed: 2988159551603291491

0 bilbop the Caller (level 1, 0/10 HPs)
             Began as a Kobold Summoner on July 10, 2021.
             Slain by a jackal (1 damage)
             ... on level 1 of the Dungeon.
             The game lasted 00:03:32 (225 turns).

bilbop the Caller (Kobold Summoner)                  Turns: 225, Time: 00:03:33

Health: 0/10       AC:  3    Str:  5    XL:     1   Next: 11%
Magic:  1/3        EV: 15    Int: 16    God:
Gold:   0          SH:  0    Dex: 15    Spells: 3/4 levels left

rFire    . . .     SeeInvis .   (weapon restricted)
rCold    . . .     Faith    .   (shield restricted)
rNeg     . . .     Spirit   .   a - +0 robe
rPois    .         Reflect  .   b - +1 hat
rElec    .         Harm     .   (no cloak)
rCorr    .         Rampage  .   (no gloves)
Will     .....                  (no boots)
Stlth    +++.......             (no amulet)
HPRegen  0.03/turn              (no ring)
MPRegen  0.08/turn              (no ring)

@: no status effects
A: small, no large weapons, nightstalker 3
a: no special abilities


You were on level 1 of the Dungeon.
You visited 1 branch of the dungeon, and saw 1 of its levels.

Inventory:

Armour
 a - a +0 robe (worn)
 b - a +1 hat (worn)


   Skills:
 + Level 0.0 Fighting
 + Level 0.0 Short Blades
 + Level 2.4 Dodging
 + Level 2.7 Stealth
 + Level 2.2 Spellcasting
 + Level 4.0 Summonings


You had 3 spell levels left.
You knew the following spells:

 Your Spells              Type           Power      Damage    Failure   Level
a - Summon Small Mammal   Summ           56%        N/A       4%          1

Your spell library contained the following spells:

 Spells                   Type           Power      Damage    Failure   Level
 Call Imp                 Summ           14%        N/A       6%          2
 Call Canine Familiar     Summ           14%        N/A       12%         3
 Summon Guardian Golem    Hex/Summ       8%         N/A       26%         3
 Summon Lightning Spire   Summ/Air       8%         N/A       65%         4


Dungeon Overview and Level Annotations

Branches:
Dungeon (1/15)

Altars:


Innate Abilities, Weirdness & Mutations

You are small and have problems with some larger weapons.
You are completely attuned to the shadows.


Message History

Your rat bites the jackal but does no damage.
The jackal barely misses your rat. x2; Your rat bites the jackal.
The jackal bites your rat.
Your rat dies!
Your rat's corpse disappears in a puff of smoke!
The jackal barely misses your rat.
Your rat bites the jackal.
The jackal misses your rat. The jackal bites your rat.
Your rat dies!
Your rat's corpse disappears in a puff of smoke!
Casting: Summon Small Mammal (safe; 4% risk of failure)
Confirm with . or Enter, or press ? or * to list all spells.
You closely miss the jackal.
The jackal is severely wounded.
The jackal barely misses you.
You swap places.
Your bat hits the jackal. The jackal barely misses your bat.
The jackal bites your bat.
Your bat closely misses the jackal.
Your bat misses the jackal.
Your bat closely misses the jackal.
The jackal closely misses your bat.
There is a large open door here.
Your bat closely misses the jackal.
What are your orders? t - Shout!
Orders for allies: a - Attack new target. r - Retreat! s - Stop attacking. g - Guard the area. f - Follow me.
Anything else - Cancel.
Gang up on whom?
Press: ? - help, Dir - move target, f - jackal
Aim: a jackal (almost dead, ally target) Attack!
The jackal closely misses your bat.
Your bat misses the jackal.
Your bat barely misses the jackal.
Something completely misses your bat.
The jackal bites your bat but does no damage.
Something closely misses your bat.
Your bat closely misses the jackal.
The jackal barely misses your bat.
Your bat barely misses the jackal.
Something bites your bat.
Your bat dies!
Your bat's corpse disappears in a puff of smoke!
The jackal bites you.
You die...

##########
#..#.....#
#..#.###.#
#.##.#
#.#.#
#####.##.#
#.#.#
#..##....#
#.#.#
#.#.####h#
#.#.##
#.#...##.#
#....#
#.#.<.@#.#
#....#
#.#...#hh#
#....#
#.8####'.#
#....#
#.####.###
#....#####
##....##
#.........
######
#.#.#.####
#.#.#.#
#.#.#.####
#.......


You could see 2 jackals.

Vanquished Creatures
  A giant cockroach (D:1)
1 creature vanquished.

Notes
Turn   | Place    | Note
-------+----------+-------------------------------------------
     0 | D:1      | bilbop the Kobold Summoner began the quest for the Orb.
     0 | D:1      | Reached XP level 1. HP: 10/10 MP: 3/3
   225 | D:1      | Slain by a jackal

Illustrated notes

Levels and vault maps discovered:
D:1:      saegor_arrival_simple_e, layout_basic, st_stairs_2

Action                   || total
-------------------------++-------
Melee: Unarmed           ||    13
 Cast: Summon Small Mamm ||    13
 Stab: Distracted        ||     1
Armor: Robe              ||     4
Dodge: Dodged            ||    33

Table legend: (Time is in decaauts)
 A = Elapsed time spent in this place.
 B = Non-inter-level travel time spent in this place.
 C = Inter-level travel time spent in this place.
 D = Time resting spent in this place.
 E = Time spent auto-exploring this place.
 F = Levels seen in this place.
 G = Mean time per level.
                   A        B        C        D        E       F      G
               +--------+--------+--------+--------+--------+-----+--------+
         Total |    225 |    225 |      0 |      0 |    104 |   1 |  225.0 |
       Dungeon |    225 |    225 |      0 |      0 |    104 |   1 |  225.0 |
               +--------+--------+--------+--------+--------+-----+--------+

Top non-repeatable levels by time:
     D:1: 225 daAuts
